General information
- name: HopeChange2
- type: Custom game
- host: ThulsaDoom
- saver: ThulsaDoom
map: EchoIsles
- players: 2
- length: 29:03
- speed: Fast
- version: 1.27 W3XP
- replay type: Public
» download(103 KB)
Players
team 1 (winner)
ThulsaDoom (
gray | 93 APM | 2696 actions | 29:03)
6 Blademaster
3 Wind Walk
2 Critical Strike
1 Bladestorm
4 Shadow Hunter
2 Hex
2 Healing Wave
» actions
| Assign group hotkey | 126 | |
| Basic commands | 26 | |
| Build / train | 92 | |
| Enter build submenu | 28 | |
| Enter hero's abilities submenu | 11 | |
| Give item / drop item | 6 | |
| Remove unit from queue | 1 | |
| Right click | 1240 | |
| Select / deselect | 548 | |
| Select group hotkey | 472 | |
| Use ability | 146 | |
2696 total
» units
| Peon | 13 | |
| Wind Rider | 1 | |
| Troll Batrider | 17 | |
| Raider | 6 | |
| Forest Troll Shadow Priest | 1 | |
| Shaman | 4 | |
42 total
» upgrades
| Ranged Weapons | 1 | |
| Armor | 2 | |
| Pillage | 1 | |
| Ensnare | 1 | |
| Shaman Training | 2 | |
| Melee Weapons | 2 | |
| Liquid Fire | 1 | |
| Reinforced Defenses | 1 | |
| Envenomed Spears | 1 | |
| Spirit Walker Training | 1 | |
13 total
» buildings
| Altar of Storms | 1 | |
| Orc Burrow | 5 | |
| War Mill | 1 | |
| Voodoo Lounge | 2 | |
| Stronghold | 1 | |
| Watch Tower | 11 | |
| Beastiary | 2 | |
| Spirit Lodge | 2 | |
| Fortress | 1 | |
| Great Hall | 1 | |
| Barracks | 1 | |
28 total
» build order
00:09 Altar of Storms
00:21 Orc Burrow
00:53 War Mill
01:05 Voodoo Lounge
01:45 Orc Burrow
01:48 Orc Burrow
02:41 Stronghold
03:31 Watch Tower
03:33 Watch Tower
03:34 Watch Tower
05:08 Beastiary
05:15 Beastiary
05:26 Orc Burrow
05:28 Orc Burrow
10:37 Spirit Lodge
13:02 Fortress
18:33 Watch Tower
18:33 Watch Tower
18:33 Watch Tower
18:34 Watch Tower
19:59 Great Hall
20:01 Watch Tower
20:33 Watch Tower
20:33 Watch Tower
20:46 Voodoo Lounge
21:46 Spirit Lodge
22:52 Barracks
23:12 Watch Tower
» items
| Healing Salve | 6 | |
| Lesser Clarity Potion | 7 | |
| Gloves of Haste | 1 | |
| Scroll of Town Portal | 4 | |
| Orb of Lightning | 1 | |
| Pendant of Energy | 1 | |
| Potion of Invulnerability | 1 | |
21 total
team 2 (loser)
SPLENDID.DANCER (
blue | 104 APM | 3018 actions | 29:02)
3 Blademaster
2 Wind Walk
1 Critical Strike
3 Shadow Hunter
2 Hex
1 Healing Wave
» actions
| Assign group hotkey | 67 | |
| Basic commands | 1 | |
| Build / train | 76 | |
| Enter build submenu | 15 | |
| Enter hero's abilities submenu | 6 | |
| Give item / drop item | 5 | |
| Remove unit from queue | 4 | |
| Right click | 1665 | |
| Select / deselect | 309 | |
| Select group hotkey | 706 | |
| Use ability | 164 | |
3018 total
» units
| Peon | 10 | |
| Troll Batrider | 4 | |
| Wind Rider | 7 | |
| Raider | 5 | |
| Forest Troll Shadow Priest | 1 | |
| Shaman | 4 | |
31 total
» upgrades
| Ensnare | 1 | |
| Armor | 1 | |
| Shaman Training | 2 | |
| Reinforced Defenses | 1 | |
| Envenomed Spears | 1 | |
6 total
» buildings
| Altar of Storms | 1 | |
| Orc Burrow | 6 | |
| Voodoo Lounge | 1 | |
| Stronghold | 2 | |
| War Mill | 1 | |
| Beastiary | 2 | |
| Spirit Lodge | 1 | |
| Fortress | 1 | |
| Great Hall | 1 | |
| Watch Tower | 3 | |
19 total
» build order
00:06 Altar of Storms
00:19 Orc Burrow
00:50 Voodoo Lounge
01:57 Stronghold
02:17 Orc Burrow
02:39 Orc Burrow
03:17 War Mill
04:22 Beastiary
04:29 Beastiary
04:54 Orc Burrow
10:24 Spirit Lodge
12:00 Fortress
12:05 Orc Burrow
14:08 Orc Burrow
14:15 Great Hall
14:18 Watch Tower
14:18 Watch Tower
14:22 Watch Tower
» items
| Healing Salve | 4 | |
| Lesser Clarity Potion | 2 | |
| Potion of Mana | 6 | |
| Scroll of Speed | 1 | |
| Scroll of Town Portal | 4 | |
| Potion of Lesser Invulnerability | 2 | |
| Scroll of Healing | 1 | |
| Potion of Healing | 1 | |
21 total
Chat log
(00:59 / All) SPLENDID.DANCER: what strat will u use this match i wonder
(08:12 / All) ThulsaDoom: Wtf lawl
(08:36 / All) SPLENDID.DANCER: lawl
(08:42 / All) ThulsaDoom: my bat should have went first
(08:48 / All) SPLENDID.DANCER: it stopped
(08:49 / All) SPLENDID.DANCER: for w/er esaon
(15:03 / All) ThulsaDoom: whoops
(16:31 / All) SPLENDID.DANCER: lawl
(16:40 / All) ThulsaDoom: SHIT
(25:50 / All) SPLENDID.DANCER: ur gay u made too many towers
(29:02 / All) SPLENDID.DANCER: its over